Map: Crimson Court LE

Players

tasty

  • Race: Zerg Zerg
  • League: Diamond
  • Spawn Location: 1:00

Zieske - Winner!

  • Race: Terran Terran
  • League: Diamond
  • Spawn Location: 7:00

VOD

Have the link to the VOD?

Description

Time

  • Played on: July 11, 2024, 10:25 a.m.
  • Length: 23:38
Show
View Real Time Build Order
Export as new Build Order

tasty Zerg 

Build Orders: Hatch First 

Get SALT Encoding   

  12  0:00  Drone  
  13  0:13  Overlord  
  13  0:17  Drone  
  14  0:31  Drone x2  
  16  0:49  Hatchery  
  15  0:51  Drone  
  15  0:55  Drone  
  17  0:59  Drone  
  17  1:02  Extractor  
  17  1:16  Spawning Pool  
  17  1:18  Drone  
  17  1:21  Drone  
  18  1:28  Drone  
  19  1:43  Drone  
  20  1:49  Drone  
  21  2:04  Queen x2  
  21  2:06  Zergling x4  
  27  2:11  Overlord  
  27  2:21  Drone  
  28  2:29  Metabolic Boost  
  28  2:36  Drone  
  29  2:40  Drone  
  29  2:43  Hatchery  
  29  2:49  Overlord  
  29  2:50  Drone x2  
  30  2:59  Queen  
  30  3:03  Overlord  
  32  3:07  Drone  
  32  3:09  Drone  
  32  3:11  Drone  
  35  3:20  Queen  
  35  3:21  Drone  
  35  3:23  Drone  
  35  3:25  Drone  
  40  3:27  Drone  
  40  3:29  Drone  
  42  3:48  Drone  
  43  3:50  Queen  
  43  3:53  Drone  
  46  3:56  Queen  
  46  3:59  Drone x2  
  46  4:00  Drone x2  
  52  4:03  Zergling x4  
  52  4:04  Zergling x2  
  52  4:06  Zergling x2  
  52  4:09  Zergling x2  
  57  4:23  Overlord  
  57  4:24  Overlord  
  57  4:42  Drone x9  
  66  4:47  Drone x7  
  66  4:51  Spore Crawler  
  72  4:55  Spore Crawler  
  71  5:01  Drone x2, Overlord x3  
  71  5:03  Lair  
  73  5:10  Spore Crawler  
  72  5:34  Overlord x2  
  72  5:37  Drone  
  73  5:44  Extractor  
  73  5:45  Extractor  
  73  5:46  Extractor  
  73  5:49  Overlord x2  
  70  5:50  Zergling x2  
  70  5:51  Zergling x10  
  70  5:53  Baneling Nest  
  70  5:54  Pneumatized Carapace  
  75  5:58  Drone x3  
  75  6:01  Drone  
  79  6:23  Drone x3  
  79  6:24  Drone x3  
  85  6:30  Zergling x14  
  86  6:44  Centrifugal Hooks  
  86  6:45  Zergling x18  
  95  7:03  Baneling x12  
  95  7:04  Zergling x20  
  105  7:09  Extractor  
  105  7:10  Extractor  
  105  7:11  Hatchery  
  105  7:13  Zergling x10  
  107  7:16  Burrow  
  107  7:20  Overlord  
  107  7:21  Overlord  
  107  7:22  Roach Warren  
  106  7:33  Baneling x17  
  106  7:40  Drone x9  
  115  8:01  Infestation Pit  
  115  8:02  Glial Reconstitution  
  115  8:04  Overseer x3  
  114  8:05  Evolution Chamber  
  114  8:06  Evolution Chamber  
  114  8:11  Zergling x34  
  129  8:15  Spire  
  128  8:24  Baneling x15  
  128  8:25  Zergling x6  
  131  8:41  Hatchery  
  130  8:51  Zergling x26  
  143  9:02  Overlord  
  143  9:03  Overlord x5  
  143  9:06  Zerg Melee Weapons Level 1, Zerg Ground Armor Level 1  
  143  9:08  Hive  
  143  9:14  Spire  
  77  9:38  Zergling x2  
  77  9:39  Zergling x32  
  92  9:49  Hatchery  
  88  9:55  Infestor x4  
  88  9:56  Infestor x2  
  100  10:19  Hatchery  
  99  10:26  Unknown  
  98  10:39  Zergling x8  
  98  10:40  Zergling x40  
  122  10:43  Adrenal Glands  
  122  11:00  Zerg Missile Weapons Level 1  
  122  11:11  Baneling  
  122  11:12  Baneling x22  
  122  11:16  Neural Parasite  
  122  11:17  Ultralisk Cavern, Zerg Ground Armor Level 2  
  121  11:23  Drone x3  
  121  11:25  Hatchery  
  123  11:35  Greater Spire  
  123  11:36  Zergling x2  
  123  11:37  Zergling x52  
  150  11:53  Drone x11  
  161  12:10  Baneling x18  
  161  12:11  Zergling x10  
  161  12:12  Zergling x2  
  167  12:17  Chitinous Plating  
  167  12:24  Drone x4  
  171  12:39  Corruptor  
  171  12:40  Corruptor x3  
  171  12:44  Ultralisk  
  185  12:50  Ultralisk  
  191  12:52  Infestor x6  
  145  13:36  Anabolic Synthesis  
  101  13:49  Ultralisk x4  
  101  13:50  Zergling x2  
  101  13:51  Zergling x36  
  101  13:54  Corruptor x4  
  101  13:55  Corruptor x2  
  156  14:17  Zergling x2  
  156  14:18  Zergling x18, Ultralisk x2  
  178  14:29  Zerg Flyer Weapons Level 1  
  178  14:33  Zerg Melee Weapons Level 2, Zerg Missile Weapons Level 2  
  145  14:57  Zergling x18  
  145  14:58  Zergling x10  
  157  15:02  Infestor x4  
  165  15:20  Zergling x12, Ultralisk  
  165  15:21  Zergling x14  
  109  15:58  Ultralisk x3  
  109  15:59  Zergling x24  
  135  16:08  Extractor, Drone  
  135  16:09  Drone x3  
  135  16:10  Extractor  
  137  16:11  Drone x2  
  139  16:22  Baneling x12  
  139  16:23  Baneling x3  
  139  16:45  Brood Lord x2  
  143  16:52  Corruptor  
  143  16:53  Zergling x22  
  143  16:54  Zergling x16  
  168  17:01  Drone x6, Infestor x4  
  170  17:08  Extractor  
  170  17:10  Extractor  
  168  17:21  Hatchery  
  122  17:57  Zergling x2  
  101  18:04  Corruptor x3  
  101  18:05  Zergling x8, Corruptor x3, Ultralisk x3  
  127  18:06  Zergling x10, Ultralisk, Corruptor  
  127  18:07  Zergling x4  
  142  18:18  Unknown  
  141  18:24  Spore Crawler  
  141  18:25  Drone x5  
  145  18:30  Zerg Missile Weapons Level 3, Zerg Melee Weapons Level 3  
  145  18:53  Hatchery  
  144  18:56  Brood Lord x4  
  152  19:09  Drone  
  154  19:10  Drone x6  
  154  19:11  Drone x2  
  154  19:14  Corruptor x3  
  154  19:16  Overlord x4  
  96  20:08  Zergling x12, Ultralisk x6  
  96  20:09  Zergling x12, Ultralisk, Overlord  
  146  20:16  Extractor  
  146  20:19  Extractor  
  142  20:40  Zergling x24  
  142  20:41  Zergling x2  
  176  20:59  Corruptor  
  163  21:13  Baneling x13  
  105  21:38  Zergling x2, Ultralisk x2  
  105  21:39  Zergling x48  
  146  21:40  Zergling x8  
  146  22:05  Baneling  
  146  22:06  Baneling x8  
  146  22:07  Baneling  
  144  22:08  Zergling x2  
  144  22:09  Zergling x30  
Show
View Real Time Build Order
Export as new Build Order

Zieske Terran - Winner!

Build Orders: Command Center First 

Get SALT Encoding   

  12  0:00  SCV  
  13  0:12  SCV  
  14  0:18  Supply Depot  
  14  0:24  SCV  
  15  0:40  SCV  
  16  0:52  SCV  
  17  1:04  SCV  
  18  1:09  Command Center  
  18  1:16  SCV  
  19  1:23  Barracks  
  19  1:29  SCV  
  20  1:41  SCV  
  21  1:47  Barracks  
  21  1:49  Refinery  
  21  1:53  SCV  
  22  1:57  Refinery  
  22  2:07  Supply Depot  
  22  2:11  Marine  
  23  2:21  SCV, Orbital Command  
  24  2:31  Marine  
  24  2:33  SCV  
  24  2:34  Barracks Reactor  
  26  2:46  Orbital Command  
  26  2:51  Barracks Tech Lab  
  26  3:01  SCV  
  27  3:13  Command Center, SCV x2  
  27  3:18  Stimpack  
  29  3:27  SCV, Factory  
  29  3:28  SCV  
  31  3:36  Engineering Bay  
  31  3:37  Marine  
  31  3:39  Marine, SCV  
  34  3:42  SCV  
  34  3:46  Marauder  
  37  3:53  SCV  
  37  3:54  SCV, Barracks  
  39  3:57  Marine  
  39  3:58  Marine  
  41  4:05  SCV  
  41  4:09  Supply Depot, Sensor Tower  
  42  4:11  Terran Infantry Weapons Level 1  
  42  4:13  SCV  
  42  4:16  Factory Tech Lab  
  43  4:17  SCV  
  43  4:18  Marine  
  43  4:21  Marine  
  46  4:25  Marine  
  46  4:27  SCV  
  46  4:31  Orbital Command  
  48  4:36  Marine  
  49  4:38  Marine  
  49  4:43  Marauder  
  52  4:47  SCV x2, Missile Turret  
  52  4:50  Barracks Tech Lab  
  52  4:52  Missile Turret  
  54  4:53  Siege Tank  
  54  4:57  Supply Depot  
  54  4:59  SCV  
  58  5:00  SCV  
  58  5:02  SCV  
  58  5:06  Refinery  
  60  5:07  Marine  
  60  5:10  Combat Shield  
  60  5:11  SCV, Concussive Shells  
  60  5:12  SCV  
  63  5:19  Armory  
  63  5:20  Barracks  
  63  5:25  SCV x2  
  63  5:27  Engineering Bay, SCV  
  66  5:32  Sensor Tower  
  66  5:42  Marine x2  
  68  5:43  Marauder x2, Refinery  
  68  5:49  SCV x3  
  75  5:58  Supply Depot x2  
  75  6:01  SCV  
  75  6:02  SCV  
  77  6:06  Starport  
  77  6:11  Terran Infantry Armor Level 1  
  77  6:16  Supply Depot  
  77  6:17  Supply Depot  
  77  6:19  Marauder x2, Marine x2  
  77  6:21  Orbital Command  
  77  6:24  SCV x2  
  85  6:34  Siege Tank  
  85  6:38  Refinery  
  88  6:41  Marauder  
  88  6:42  Refinery  
  90  6:51  SCV  
  90  6:52  SCV x2, Supply Depot  
  93  6:54  Supply Depot  
  93  6:55  Barracks Reactor  
  93  6:56  Supply Depot, Starport Reactor  
  93  6:57  Starport, Supply Depot  
  93  7:00  Terran Infantry Weapons Level 2  
  93  7:09  Marine  
  93  7:10  Marauder, Marine  
  93  7:12  SCV  
  93  7:14  SCV x2  
  100  7:21  Supply Depot  
  100  7:27  Marine x2  
  102  7:31  Marauder  
  102  7:35  Marine x2  
  106  7:39  SCV x3  
  109  7:44  Marine  
  109  7:45  Marine x2  
  109  7:48  Starport Reactor  
  109  7:49  Medivac x2  
  116  7:52  Marauder  
  116  7:53  Fusion Core, Marine x2  
  120  7:59  Supply Depot  
  120  8:00  Siege Tank  
  120  8:02  Marauder  
  120  8:03  Terran Vehicle Weapons Level 1, Marine x2  
  120  8:04  Command Center  
  127  8:06  SCV x2  
  127  8:07  SCV  
  127  8:11  Marine x2  
  132  8:14  Marauder  
  132  8:15  Barracks  
  132  8:16  Barracks  
  132  8:18  Barracks  
  134  8:20  SCV  
  134  8:21  Marine x2  
  134  8:23  Marine, Factory  
  138  8:29  Marine x2, Medivac x3  
  138  8:30  Medivac  
  148  8:35  Marine  
  148  8:38  Marine  
  148  8:39  Marine  
  148  8:41  Marine  
  151  8:43  Siege Tank  
  151  8:46  Marine  
  151  8:47  Marine  
  156  8:48  Caduceus Reactor  
  156  8:51  Barracks  
  156  8:52  Marine  
  157  9:08  Factory Tech Lab  
  157  9:16  Marauder, Marine x4, Siege Tank  
  107  9:31  Marine  
  107  9:32  Marine x3  
  107  9:34  Marine x4  
  115  9:42  Supply Depot, Orbital Command  
  115  9:48  Siege Tank  
  115  9:49  Barracks Tech Lab  
  115  9:51  Marine x3  
  115  9:52  Barracks Tech Lab  
  124  9:53  Barracks Tech Lab  
  124  9:54  Barracks Tech Lab  
  124  9:56  Barracks Reactor  
  121  10:00  Barracks Reactor  
  121  10:02  Marine  
  121  10:05  Siege Tank  
  124  10:07  Orbital Command  
  124  10:09  Marine x3  
  124  10:12  Command Center  
  127  10:20  Marine  
  126  10:23  Supply Depot  
  126  10:24  Supply Depot x2  
  126  10:26  Supply Depot  
  126  10:27  Marine x3  
  129  10:30  Viking x4  
  137  10:37  Marine  
  137  10:38  Marine x8  
  146  10:45  Marine  
  146  10:48  Terran Infantry Weapons Level 3  
  147  10:52  Terran Infantry Armor Level 2  
  147  10:54  Terran Vehicle Weapons Level 2  
  147  10:55  SCV  
  147  10:56  Marauder x3  
  154  11:00  Supply Depot, Viking  
  154  11:01  Supply Depot  
  154  11:03  Missile Turret  
  156  11:04  SCV x2  
  156  11:05  SCV  
  156  11:08  SCV  
  160  11:13  Marine x4  
  160  11:14  Marine x3  
  167  11:20  Sensor Tower  
  167  11:32  Sensor Tower  
  167  11:35  Missile Turret  
  167  11:36  Marine x2  
  167  11:37  Marauder x2  
  167  11:38  Marauder, Marine x2  
  167  11:39  Marauder, Missile Turret  
  179  11:40  Orbital Command  
  179  11:41  SCV  
  179  11:42  SCV x2  
  179  11:43  SCV  
  179  11:45  Unknown, Marine x2  
  185  11:47  Medivac  
  185  11:53  SCV  
  188  11:54  SCV  
  188  11:58  Marauder  
  191  12:02  Marauder, Marine x7  
  200  12:21  Factory  
  200  12:25  Factory  
  200  12:28  Orbital Command  
  200  12:42  Smart Servos  
  200  12:53  Command Center  
  200  12:54  Command Center  
  200  12:55  Command Center  
  200  13:00  Command Center  
  200  13:02  Command Center  
  200  13:19  Factory Tech Lab  
  200  13:20  Factory Tech Lab  
  200  13:28  Weapon Refit  
  148  13:44  Marauder, Marine x10  
  148  13:45  Marauder  
  148  13:46  Siege Tank x4  
  148  13:47  Medivac x4  
  182  14:00  Infernal Pre-Igniter  
  182  14:02  Marine x2  
  188  14:03  Marauder x2  
  188  14:04  Refinery x2  
  188  14:06  Marauder x2  
  188  14:08  Orbital Command  
  188  14:09  Command Center  
  192  14:14  Orbital Command  
  192  14:17  Medivac x3, Viking  
  192  14:22  Planetary Fortress  
  200  14:35  Missile Turret x2  
  200  14:37  Missile Turret  
  200  14:40  Missile Turret  
  177  14:47  Viking  
  145  14:53  Marine x6  
  145  14:54  Marauder, Marine x5  
  145  14:58  Planetary Fortress, Siege Tank x4  
  145  14:59  Planetary Fortress  
  135  15:11  Marine x7  
  135  15:12  Marauder, Marine  
  130  15:15  Marauder  
  102  15:29  Marine x6  
  102  15:30  Marauder, Siege Tank x4  
  102  15:33  Marine  
  110  15:36  Marine  
  108  15:46  Marine  
  108  15:47  Marine  
  108  15:48  SCV, Barracks  
  107  15:51  Marauder x2, SCV  
  107  15:54  Marauder  
  113  16:02  Siege Tank  
  113  16:03  Marine, SCV  
  118  16:04  Marine  
  118  16:05  Marine x4  
  123  16:13  Marauder x2  
  123  16:16  Marauder  
  129  16:19  Barracks x2  
  129  16:21  Marine, Barracks x2  
  129  16:22  Marine x2  
  129  16:23  Marine x3  
  135  16:34  Marauder x2  
  135  16:37  Marauder  
  135  16:38  Barracks Tech Lab  
  135  16:39  Marine  
  142  16:40  Marine x3  
  142  16:45  Siege Tank x3  
  154  16:48  Ghost Academy  
  154  16:52  Missile Turret  
  154  16:53  Marine x2  
  156  16:55  Marauder x2  
  156  16:57  Marine, Terran Infantry Armor Level 3, Neosteel Armor  
  156  16:58  Marauder, Marine x3  
  156  16:59  Terran Vehicle And Ship Armor Level 1  
  156  17:00  SCV  
  167  17:05  Medivac x3  
  173  17:11  Marine x2  
  173  17:13  Marine x2  
  173  17:14  Marine  
  178  17:16  Marine, Barracks Reactor  
  178  17:17  Marauder x2, Barracks Reactor  
  178  17:19  Sensor Tower  
  178  17:20  Marauder, Sensor Tower  
  178  17:22  Sensor Tower  
  185  17:31  Planetary Fortress  
  184  17:38  Marauder  
  184  17:41  Marauder, Marine  
  180  17:44  Marine x2  
  180  17:50  Marauder, Marine x5  
  166  17:52  Medivac x3  
  166  17:54  SCV x2  
  166  17:56  SCV x2  
  164  17:58  Marine  
  164  17:59  Marine  
  164  18:02  Marauder  
  164  18:04  Viking  
  165  18:07  Marine  
  165  18:12  Marauder  
  167  18:17  Marauder  
  169  18:20  Marine  
  169  18:21  Marine x6  
  169  18:22  Viking x2  
  169  18:24  Marauder  
  169  18:25  SCV x8  
  190  18:32  Refinery  
  190  18:33  Marauder  
  192  18:37  SCV x6, Hi-Sec Auto Tracking  
  192  18:39  Marauder  
  200  18:41  Orbital Command  
  200  18:51  Supply Depot  
  200  18:52  Supply Depot  
  200  18:53  Supply Depot  
  200  18:54  Supply Depot  
  200  18:55  Supply Depot  
  200  19:10  Refinery  
  200  19:12  Refinery  
  200  19:36  Marauder, Marine x4  
  200  19:37  Marauder x2  
  200  19:38  Viking x4  
  184  19:51  Marine  
  183  19:53  Barracks Tech Lab x2  
  183  19:58  Marauder x2  
  183  19:59  Marauder  
  183  20:08  Viking  
  183  20:19  Marauder, Marine  
  183  20:20  Marauder x3, Marine x8  
  200  20:25  Orbital Command  
  178  21:32  Marauder, Marine x4  
  168  21:33  Marauder  
  168  21:35  Marine  
  168  21:36  Marauder, Marine x7  
  168  21:37  Siege Tank x3  
  168  21:38  Medivac x2, Siege Tank  
  168  21:39  Medivac  
  199  21:50  Marine  
  200  22:34  Command Center  
  200  22:35  Refinery  
  200  22:36  Refinery  
  200  22:37  Orbital Command  
  200  22:40  Command Center  
  199  22:46  Marine  
  200  23:08  Refinery  
  179  23:13  Marauder, Marine x3  
  179  23:14  Marauder  
Tags
 
Add a new tag
Caveats
  • Supply blocks, unpowered buildings, or Contaminate may cause inaccurate times.
  • Supply counts are checked every 10 seconds.